Map: Abyssal Reef LE

Players

Harstem - Winner!

  • Race: Protoss Protoss
  • Spawn Location: 5:00

Allaryce

  • Race: Zerg Zerg
  • Spawn Location: 11:00

Event: WCS Montreal 2017

VOD

Have the link to the VOD?

Description

Time

  • Played on: Sept. 8, 2017, 11:15 a.m.
  • Length: 6:49

All games in this series

Show
View Real Time Build Order
Export as new Build Order

Harstem Protoss - Winner!

Build Orders: 1 Gate Expand, Oracle Opening, Zealot Archon, Archon Drop 

Get SALT Encoding   

  12  0:01  Probe (Chrono Boost)  
  13  0:11  Probe (Chrono Boost)  
  14  0:18  Pylon  
  14  0:22  Probe (Chrono Boost)  
  15  0:36  Probe (Chrono Boost)  
  15  0:40  Gateway  
  16  0:47  Probe (Chrono Boost)  
  17  0:50  Assimilator  
  17  0:57  Probe (Chrono Boost)  
  18  1:08  Probe (Chrono Boost)  
  20  1:18  Probe (Chrono Boost)  
  20  1:27  Nexus  
  20  1:35  Cybernetics Core  
  20  1:39  Probe (Chrono Boost)  
  21  1:49  Probe (Chrono Boost), Assimilator  
  22  1:55  Pylon  
  22  2:00  Probe (Chrono Boost)  
  23  2:13  Probe (Chrono Boost), Warp Gate, Adept (Chrono Boost)  
  26  2:25  Probe  
  27  2:33  Stargate  
  28  2:37  Probe  
  28  2:39  Probe  
  28  2:43  Adept (Chrono Boost)  
  31  2:49  Probe x2  
  33  3:00  Probe  
  33  3:01  Probe  
  35  3:07  Gateway  
  35  3:10  Probe, Adept (Chrono Boost)  
  38  3:13  Probe  
  38  3:18  Oracle (Chrono Boost)  
  42  3:21  Probe  
  42  3:25  Probe  
  44  3:27  Pylon  
  44  3:32  Probe  
  44  3:34  Gateway  
  45  3:37  Probe  
  46  3:43  Assimilator, Probe (Chrono Boost)  
  46  3:45  Assimilator  
  47  3:49  Probe (Chrono Boost)  
  48  3:55  Probe (Chrono Boost)  
  48  3:56  Robotics Facility  
  48  4:01  Probe (Chrono Boost)  
  50  4:06  Probe (Chrono Boost)  
  51  4:11  Probe (Chrono Boost)  
  51  4:13  Forge  
  51  4:16  Twilight Council  
  53  4:17  Probe (Chrono Boost)  
  53  4:23  Pylon  
  54  4:24  Pylon  
  54  4:29  Pylon  
  53  4:40  Protoss Ground Weapons Level 1 (Chrono Boost)  
  53  4:43  Gateway  
  53  4:48  Nexus  
  53  4:50  Warp Prism  
  51  4:53  Charge  
  51  4:56  Templar Archives  
  51  5:01  Pylon  
  51  5:09  Gateway  
  51  5:11  Gateway  
  51  5:16  Gateway  
  51  5:21  Gateway  
  51  5:27  Probe (Chrono Boost), Mothership Core (Chrono Boost)  
  54  5:39  Probe (Chrono Boost)  
  55  5:44  Pylon  
  55  5:45  Probe (Chrono Boost)  
  56  5:51  Probe (Chrono Boost)  
  56  5:56  Probe (Chrono Boost)  
  58  5:59  Photon Cannon, High Templar x2  
  58  6:00  High Templar x2  
  58  6:01  Photon Cannon  
  58  6:02  Photon Cannon, Pylon  
  67  6:04  Archon x2  
  67  6:05  Probe x2 (Chrono Boost)  
  69  6:11  Probe (Chrono Boost)  
  69  6:16  Probe (Chrono Boost)  
  69  6:17  Probe (Chrono Boost), High Templar x2  
  75  6:21  Archon  
  75  6:22  Probe (Chrono Boost), Zealot  
  78  6:27  Probe (Chrono Boost), Zealot  
  78  6:29  Probe (Chrono Boost)  
  83  6:38  Zealot x3  
  88  6:40  Zealot  
  88  6:45  Zealot  
Show
View Real Time Build Order
Export as new Build Order

Allaryce Zerg 

Build Orders: Pool First 

Get SALT Encoding   

  12  0:01  Drone  
  13  0:14  Overlord  
  13  0:25  Drone  
  14  0:33  Drone x2  
  16  0:37  Drone  
  17  1:04  Spawning Pool  
  16  1:19  Hatchery  
  16  1:22  Extractor, Drone x3  
  17  1:41  Drone  
  18  1:51  Zergling x2  
  19  1:55  Zergling x2  
  19  1:56  Queen  
  22  2:24  Overlord  
  22  2:25  Overlord  
  22  2:30  Metabolic Boost  
  21  2:45  Queen  
  21  2:49  Hatchery  
  22  2:54  Queen  
  24  3:05  Drone x3  
  25  3:07  Drone  
  26  3:20  Zergling x8  
  28  3:35  Zergling x2  
  28  3:36  Zergling x6  
  32  3:42  Drone  
  33  3:58  Drone x3  
  36  4:04  Queen  
  36  4:13  Roach Warren  
  34  4:18  Extractor  
  30  4:37  Drone  
  30  4:38  Drone x5  
  36  4:40  Queen  
  35  4:54  Roach x2  
  35  4:57  Drone  
  35  4:59  Drone  
  41  5:04  Roach  
  41  5:06  Drone  
  44  5:11  Drone  
  45  5:18  Drone x3  
  48  5:28  Drone x2  
  50  5:29  Overlord  
  50  5:32  Overlord  
  48  5:40  Drone x3  
  48  5:41  Drone  
  48  5:42  Drone  
  50  5:49  Pneumatized Carapace  
  50  5:51  Overlord  
  50  6:08  Drone  
  50  6:09  Drone x8  
  59  6:12  Overlord  
  59  6:28  Drone  
  59  6:29  Drone x5  
Tags
 
Add a new tag
Caveats
  • Supply blocks, unpowered buildings, or Contaminate may cause inaccurate times.
  • Supply counts are checked every 10 seconds.